 Dungeon Crawl Stone Soup version 0.31-a0-640-g39d97e502b (webtiles) character file.

Game seed: 7171437248580138162

1316 rvierbuc the Digger (level 8, -3/46 (57) HPs)
             Began as a Grey Draconian Earth Elementalist on Aug 29, 2023.
             Slain by a wight
             ... wielding a +5 war axe
              (7 damage)
             ... on level 6 of the Dungeon.
             The game lasted 00:11:25 (5743 turns).

rvierbuc the Digger (DrEE)                          Turns: 5743, Time: 00:11:26

HP:   -3/46 (57)    AC: 13    Str: 10    XL:     8   Next: 33%
MP:   9/14          EV: 14    Int: 18    God:
Gold: 269           SH:  0    Dex: 18    Spells: 10/16 levels left

rFire   . . .        f - staff of conjuration
rCold   . . .        (no shield)
rNeg    . . .        (body armour unavailable)
rPois   .            (helmet restricted)
rElec   .            (no cloak)
rCorr   .            c - +0 pair of gloves
SInv    .            m - +0 pair of boots
Will    .....        (no amulet)
Stlth   +++          j - +6 ring of dexterity
HPRegen 0.27/turn    (no ring)
MPRegen 0.14/turn

%: no passive effects
@: heavily drained
A: AC +11, amphibious, unfitting armour, cold-blooded
a: no special abilities


You were on level 6 of the Dungeon.
You visited 1 branch of the dungeon, and saw 6 of its levels.

You collected 269 gold pieces.

Inventory:

Hand Weapons
 b - a +0 sling of flaming
Armour
 c - a +0 pair of gloves (worn)
 m - a +0 pair of boots (worn)
Magical Staves
 f - a staff of conjuration (weapon)
 u - a staff of conjuration
Jewellery
 j - a +6 ring of dexterity (left hand)
Wands
 s - a wand of roots (11)
Scrolls
 i - 4 scrolls of blinking {unknown}
 n - a scroll of enchant armour {unknown}
 o - a scroll of enchant weapon {unknown}
 p - a scroll of poison {unknown}
 q - a scroll of immolation {unknown}
 r - a scroll of revelation {unknown}
 t - a scroll of noise {unknown}
 w - a scroll of vulnerability {unknown}
 x - a scroll of torment {unknown}
Potions
 a - a potion of magic
 d - 6 potions of curing {unknown}
 e - a potion of degeneration {unknown}
 g - a potion of cancellation {unknown}
 h - 2 potions of attraction {unknown}
 k - 2 potions of brilliance {unknown}
 l - 2 potions of lignification {unknown}
 v - a potion of mutation {unknown}


   Skills:
 + Level 4.5 Dodging
 + Level 4.7 Stealth
 + Level 4.5 Spellcasting
 + Level 4.5 Transmutations
 + Level 6.5 Earth Magic


You had 10 spell levels left.
You knew the following spells:

 Your Spells              Type           Power      Damage    Failure   Level
a - Sandblast             Erth           54%        2d13      1%          1
b - Passwall              Tmut/Erth      19%        N/A       2%          2
c - Stone Arrow           Conj/Erth      46%        3d9       11%         3

Your spell library contained the following spells:

 Spells                   Type           Power      Damage    Failure   Level
 Foxfire                  Conj/Fire      24%        2x1d5     14%         1
 Petrify                  Tmut/Erth      23%        N/A       14%         4
 Cause Fear               Hex            2%         N/A       80%         4
 Fireball                 Conj/Fire      3%         3d4       98%         5
 Plasma Beam              Fire/Air       2%         2x1d12    100%        6
 Starburst                Conj/Fire      3%         6d3       100%        6
 Dragon's Call            Summ           2%         N/A       100%        9


Dungeon Overview and Level Annotations

Branches:
Dungeon (6/15)
 Temple: D:4-7

Altars:
Ashenzari
Dithmenos
Elyvilon
Gozag
Okawaru
Ru
Uskayaw
Wu Jian
Zin


Innate Abilities, Weirdness & Mutations

Your dull iron-grey scales are very hard. (AC +11)
You are amphibious.
You cannot fit into any form of body armour.
You are cold-blooded and may be slowed by cold attacks.


Message History

The wight is almost destroyed.
The wight closely misses you. The wight misses you.
You hit the wight but do no damage.
The wight is almost destroyed.
The wight completely misses you. The wight barely misses you.
You barely miss the wight.
The wight is almost destroyed.
The wight hits you but does no damage. x2; The wight barely misses you. x2
You hit the wight but do no damage.
The wight is almost destroyed.
The wight hits you but does no damage. The wight closely misses you.
You hit the wight but do no damage.
The wight is almost destroyed.
The wight hits you with a +0 dagger. The wight closely misses you.
You barely miss the wight. You tail-slap the wight.
You destroy the wight!
The wight hits you from afar with a +4 spear!
You feel drained.
You hit the wight but do no damage. The wight misses you.
The wight hits you from afar with a +4 spear.
You feel drained.
You hit the wight but do no damage. The wight hits you with a +5 war axe.
* * * LOW HITPOINT WARNING * * *
You feel drained.
* * * LOW HITPOINT WARNING * * *
The wight hits you but does no damage. The wight closely misses you. x2
You hit the wight.
The wight is lightly damaged.
The wight hits you with a +5 war axe!
* * * LOW HITPOINT WARNING * * *
You feel drained.
* * * LOW HITPOINT WARNING * * *
The wight completely misses you.
Aiming: Sandblast (safe; 1% risk of failure)
Press: ? - help, Q - select action, (/) - cycle Shift-Dir - straight line, f - wight
Aim: a wight, wielding a +5 war axe and wearing a +0 robe (lightly damaged, 83% to hit)
The blast of sand hits the wight but does no damage.
The wight is lightly damaged.
The wight hits you with a +5 war axe!
You die...

##.#...###...## #..
#.............## #..
####.....######...##
#.. .........##
##...# ####..
..........## ##..##
###..... .......?...#
##..###...##..
####.......##
##....#######
#........######...###
#.......zz@.....###
##......z###..###
##....... #..#
##......### .#
##.....# # #.......
#..##....# #.# ######


You could see 3 wights.

Vanquished Creatures
  Sigmund (D:3)
  A sky beast (D:6)
  3 ogres
  A phantom (D:5)
  2 scorpions (D:5)
  4 wights (D:6)
  4 hounds
  An orc priest (D:6)
  A sleepcap (D:4)
  2 iguanas
  2 orc wizards
  5 adders
  A shadow imp (D:5)
  21 orcs
  10 bats
  6 endoplasms
  4 giant cockroaches
  5 goblins
  9 hobgoblins
  5 jackals
  4 quokkas
  7 ball pythons
  2 frilled lizards
  5 kobolds
  3 rats
109 creatures vanquished.

Notes
Turn   | Place    | Note
-------+----------+-------------------------------------------
     0 | D:1      | rvierbuc the Draconian Earth Elementalist began the quest
                  | for the Orb.
     0 | D:1      | Reached XP level 1. HP: 14/14 MP: 3/3
   195 | D:1      | Reached XP level 2. HP: 20/20 MP: 3/5
   812 | D:1      | Reached XP level 3. HP: 26/26 MP: 4/6
  1587 | D:2      | Found a faded altar of an unknown god.
  1681 | D:2      | Reached XP level 4. HP: 33/33 MP: 5/7
  1947 | D:2      | Learned a level 2 spell: Passwall
  1951 | D:2      | Learned a level 3 spell: Stone Arrow
  2424 | D:3      | Found a shadowy altar of Dithmenos.
  2442 | D:3      | Found a broken altar of Ashenzari.
  2455 | D:3      | Noticed Sigmund
  2462 | D:3      | Killed Sigmund
  2463 | D:3      | Reached skill level 4 in Earth Magic
  2463 | D:3      | Reached XP level 5. HP: 38/38 MP: 2/9
  2463 | D:3      | Reached XP level 6. HP: 45/45 MP: 2/10
  3787 | D:4      | Found a glowing silver altar of Zin.
  3787 | D:4      | Found an opulent altar of Gozag.
  4122 | D:5      | Entered Level 5 of the Dungeon
  4214 | D:5      | Found a sacrificial altar of Ru.
  4217 | D:5      | Your scales start taking on a dull iron-grey colour.
  4217 | D:5      | Reached skill level 5 in Earth Magic
  4217 | D:5      | Reached XP level 7. HP: 50/50 MP: 9/12
  4238 | D:5      | Found an iron altar of Okawaru.
  4240 | D:5      | Found an ornate altar of the Wu Jian Council.
  4682 | D:5      | Noticed a +0 dagger
  4682 | D:5      | Noticed a +0 dagger
  4683 | D:5      | Found a hide-covered altar of Uskayaw.
  5202 | D:6      | Reached skill level 6 in Earth Magic
  5209 | D:6      | Reached XP level 8. HP: 43/57 MP: 2/14
  5469 | D:6      | Found a white marble altar of Elyvilon.
  5743 | D:6      | Slain by a wight

Illustrated notes

Levels and vault maps discovered:
D:1:      saegor_arrival_simple_a, layout_loops_cross
D:2:      layout_basic, shapermc_ecumenical_altar_flowoftime,
          minmay_heptomino_l4
D:3:      layout_basic, mainiacjoe_overflow_catwalk_spiral, serial_aquarium,
          aquarium_bridge_square [aquarium_subvault_balcony,
          aquarium_subvault_bridge, aquarium_subvault_window,
          aquarium_subvault_bridge], aquarium_bridge_square
          [aquarium_subvault_balcony, aquarium_subvault_wall,
          aquarium_subvault_balcony, aquarium_subvault_bridge],
          aquarium_window_corner, aquarium_window_2, aquarium_window_1,
          aquarium_view_2c, aquarium_view_2d, aquarium_balcony_3a, uniq_sigmund
D:4:      layout_loops_corners, grunt_temple_overflow_gold_and_silver
D:5:      layout_loops_ring, dancing_weapons_uskayaw,
          grunt_temple_overflow_open, grunt_ministairs_11, minivault_26
D:6:      layout_cave_pods, lemuel_round_altar,
          minmay_temple_entry_antechambers, bh_walls_and_bars

Skill      XL: |  1  2  3  4  5  6  7 |
---------------+----------------------+-----
Stealth        | 2 3 4 |  4.7
Dodging        | 2 3 4 |  4.5
Transmutations | 2 3 4 |  4.5
Spellcasting   | 3 4 |  4.5
Earth Magic    | 4 5 6 |  6.5

Action                     |  1- 3 |  4- 6 |  7- 9 || total
---------------------------+-------+-------+-------++-------
  Melee: Staff             |     3 |    18 |    44 ||    65
         Tailslap          |     1 |     7 |     8 ||    16
   Fire: Sling             |    29 |       |       ||    29
   Cast: Sandblast         |    52 |    89 |    92 ||   233
 Armour: Skin              |    16 |    29 |    41 ||    86
  Dodge: Dodged            |    28 |    61 |    95 ||   184

Table legend: (Time is in decaauts)
 A = Elapsed time spent in this place.
 B = Non-inter-level travel time spent in this place.
 C = Inter-level travel time spent in this place.
 D = Time resting spent in this place.
 E = Time spent auto-exploring this place.
 F = Levels seen in this place.
 G = Mean time per level.
                   A        B        C        D        E       F      G
               +--------+--------+--------+--------+--------+-----+--------+
         Total |   5880 |   5791 |     89 |      0 |   4963 |   6 |  980.0 |
       Dungeon |   5880 |   5791 |     89 |      0 |   4963 |   6 |  980.0 |
               +--------+--------+--------+--------+--------+-----+--------+

Top non-repeatable levels by time:
     D:4: 1150 daAuts
     D:2: 1094 daAuts
     D:5: 1092 daAuts
     D:1: 1025 daAuts
     D:3: 930 daAuts
     D:6: 587 daAuts
